 Dungeon Crawl Stone Soup version 0.29.1-12-g30fa7ad0bf (webtiles) character file.

Game seed: 195951562638815636

130 DemonSlayer the Digger (level 4, -4/30 HPs)
             Began as a Demonspawn Earth Elementalist on Dec 27, 2022.
             Slain by an iguana (6 damage)
             ... on level 3 of the Dungeon.
             The game lasted 00:04:50 (2026 turns).

DemonSlayer the Digger (DsEE)                       Turns: 2026, Time: 00:04:50

Health: -4/30      AC:  6    Str:  9    XL:     4   Next: 89%
Magic:  8/8        EV: 12    Int: 22    God:
Gold:   104        SH:  0    Dex: 13    Spells: 3/9 levels left

rFire   . . .      SeeInvis .   g - +0 short sword
rCold   . . .      Faith    .   (no shield)
rNeg    . . .      Spirit   .   a - +0 robe
rPois   .          Reflect  .   f - +0 hat
rElec   .          Harm     .   (no cloak)
rCorr   .          Rampage  .   (no gloves)
Will    .....                   (no boots)
Stlth   ++........              c - amulet of magic regeneration
HPRegen 0.10/turn               s - +4 ring of protection
MPRegen 0.62/turn               (no ring)

@: no status effects
A: magic regeneration, big brain 2
a: no special abilities


You were on level 3 of the Dungeon.
You visited 1 branch of the dungeon, and saw 3 of its levels.

You collected 104 gold pieces.

Inventory:

Hand Weapons
 g - a +0 short sword (weapon)
Armour
 a - a +0 robe (worn)
 f - a +0 hat (worn)
Jewellery
 c - an amulet of magic regeneration (around neck)
 s - a +4 ring of protection (left hand)
 y - a ring of flight
Scrolls
 d - 4 scrolls of identify {unknown}
 e - a scroll of silence {unknown}
 h - 3 scrolls of blinking {unknown}
 j - a scroll of enchant armour {unknown}
 m - 3 scrolls of teleportation {unknown}
 n - a scroll of summoning {unknown}
 p - 2 scrolls of fog {unknown}
 t - a scroll of torment {unknown}
 u - a scroll of vulnerability {unknown}
 v - a scroll of amnesia {unknown}
 w - a scroll of immolation {unknown}
Potions
 b - a potion of magic
 i - 2 potions of might {unknown}
 k - a potion of lignification {unknown}
 l - 3 potions of curing {unknown}
 o - a potion of berserk rage {unknown}
 q - a potion of haste {unknown}
 r - 2 potions of attraction {unknown}
 x - 2 potions of heal wounds {unknown}


   Skills:
 + Level 1.9 Dodging
 + Level 1.9 Stealth
 + Level 3.2 Spellcasting
 + Level 0.8 Transmutations
 + Level 4.2 Earth Magic


You had 3 spell levels left.
You knew the following spells:

 Your Spells              Type           Power      Damage    Failure   Level
a - Sandblast             Erth           44%        2d11      2%          1
b - Passwall              Tmut/Erth      11%        N/A       6%          2
c - Stone Arrow           Conj/Erth      24%        3d8       16%         3

Your spell library contained the following spells:

 Spells                   Type           Power      Damage    Failure   Level
 Beastly Appendage        Tmut           14%        N/A       9%          1
 Wereblood                Tmut           7%         N/A       13%         2
 Spider Form              Tmut/Pois      5%         N/A       30%         3
 Petrify                  Tmut/Erth      14%        N/A       38%         4


Dungeon Overview and Level Annotations

Branches:
Dungeon (3/15)

Altars:


Innate Abilities, Weirdness & Mutations

You regenerate magic rapidly.
You have an extremely huge brain. (Int +4)


Message History

The iguana closely misses you.
The blast of sand hits the iguana but does no damage.
The iguana is severely wounded.
The iguana bites you. The iguana barely misses you.
The blast of sand hits the iguana but does no damage.
The iguana is severely wounded.
The iguana closely misses you.
An iguana is nearby!
The blast of sand misses the iguana.
The iguana bites you. x2
The blast of sand hits the iguana but does no damage.
The iguana is severely wounded.
The iguana barely misses you.
The blast of sand hits the iguana.
The iguana is severely wounded.
The iguana closely misses you. The iguana bites you.
You are too injured to fight recklessly!
You are too injured to fight recklessly!
You are too injured to fight recklessly!
You hit the iguana but do no damage.
The iguana is severely wounded.
The iguana barely misses you.
You hit the iguana but do no damage.
The iguana is severely wounded.
The iguana bites you!
* * * LOW HITPOINT WARNING * * *
Casting: Sandblast (safe; 2% risk of failure)
Confirm with . or Enter, or press ? or * to list all spells.
Aiming: Sandblast (safe; 2% risk of failure)
Press: ? - help, Shift-Dir - straight line, f/p - iguana
Aim: an iguana (severely wounded, 85% to hit)
The blast of sand hits the iguana but does no damage.
The iguana is severely wounded.
The iguana barely misses you.
Casting: Sandblast (safe; 2% risk of failure)
Confirm with . or Enter, or press ? or * to list all spells.
Aiming: Sandblast (safe; 2% risk of failure)
Press: ? - help, Shift-Dir - straight line, f/p - iguana
Aim: an iguana (severely wounded, 85% to hit)
The blast of sand misses the iguana.
The iguana bites you.
You die...

###.## ..# #...
..# ########.##
..# ###........##
#.# #..........##
#.# #.#.####.#...
#.# #.#.# #...##
##.######.#.#
##..##
#..l@)......#
###.##
........######.###
#...## ##.....##
#.# #.#... #.####
#.# #...## # #.#
#.#### #.# #.# #
##.## #.# #
##########...# #.#
# ..##.........#
#.# #


You could see an iguana.

Vanquished Creatures
  Terence (D:3)
  2 adders
  2 worms (D:2)
  An orc (D:3)
  4 bats
  6 endoplasms
  3 giant cockroaches
  6 goblins
  5 hobgoblins
  11 jackals
  2 quokkas (D:1)
  5 ball pythons
  6 frilled lizards
  14 kobolds
  6 rats
74 creatures vanquished.

Vanquished Creatures (others)
  17 plants (D:1)
17 creatures vanquished.

Grand Total: 91 creatures vanquished

Notes
Turn   | Place    | Note
-------+----------+-------------------------------------------
     0 | D:1      | DemonSlayer the Demonspawn Earth Elementalist began the
                  | quest for the Orb.
     0 | D:1      | Reached XP level 1. HP: 13/13 MP: 3/3
     0 | D:1      | Noticed a gargoyle
     0 | D:1      | Noticed a dwarf
     1 | D:1      | Noticed a vine stalker
     4 | D:1      | Noticed a felid
     4 | D:1      | Noticed a demigod
     6 | D:1      | Noticed a spriggan
     7 | D:1      | Noticed an ogre
     8 | D:1      | Noticed a vampire
     9 | D:1      | Noticed a barachi
    11 | D:1      | Noticed a human
    11 | D:1      | Noticed a minotaur
    13 | D:1      | Noticed a vine stalker
    15 | D:1      | Noticed an ogre
    17 | D:1      | Noticed a felid
    17 | D:1      | Noticed a barachi
    19 | D:1      | Noticed a spriggan
    21 | D:1      | Noticed a barachi
    75 | D:1      | Reached skill level 3 in Earth Magic
   228 | D:1      | Gained mutation: You have an unusually large brain. (Int
                  | +2) [demonic ancestry]
   228 | D:1      | Reached XP level 2. HP: 19/19 MP: 5/5
   231 | D:1      | Learned a level 2 spell: Passwall
   287 | D:1      | Found a faded altar of an unknown god.
   497 | D:1      | Gained mutation: You regenerate magic rapidly. [demonic
                  | ancestry]
   497 | D:1      | Reached XP level 3. HP: 24/24 MP: 4/6
   724 | D:1      | Learned a level 3 spell: Stone Arrow
  1154 | D:2      | Gained mutation: You have an extremely huge brain. (Int +4)
                  | [demonic ancestry]
  1154 | D:2      | Reached XP level 4. HP: 30/30 MP: 8/8
  1646 | D:3      | Reached skill level 4 in Earth Magic
  1808 | D:3      | Found Qifich's Distillery.
  1981 | D:3      | Noticed Terence
  1992 | D:3      | Killed Terence
  2026 | D:3      | Slain by an iguana

Illustrated notes

Levels and vault maps discovered:
D:1:      shiori_arrival_whats_in_store_for_you, layout_basic,
          chequers_ecumenical_altar_simple, lexackson_kobold_supper
D:2:      layout_loops_cross, chequers_serial_rivers_room_a,
          kennysheep_generic_room_15
D:3:      layout_loops_ring, serial_shops, shop, minmay_diced_spiral,
          uniq_terence

Skill      XL: |  1  2  3  4 |
---------------+-------------+-----
Earth Magic    | 3 4 |  4.2
Spellcasting   | 3 |  3.2
Dodging        | |  1.9
Stealth        | |  1.9
Transmutations | |  0.8

Action                   |  1- 3 |  4- 6 || total
-------------------------+-------+-------++-------
Melee: Short sword       |     2 |     3 ||     5
 Cast: Sandblast         |    71 |    43 ||   114
Armor: Robe              |     4 |     3 ||     7
Dodge: Dodged            |     8 |    14 ||    22
